[Event "*** Titled Tuesday Blitz"]
[Site "Chess.com"]
[Date "2021.02.16"]
[Round "7"]
[White "Sadykov_Ramil"]
[Black "Chesswizard_2007"]
[Result "1-0"]
[WhiteElo "2569"]
[BlackElo "2708"]
[TimeControl "180+1"]
[EndTime "11:21:22 PST"]
[Termination "Sadykov_Ramil won on time"]

1. e4 e5 2. Nf3 Nf6 3. Nxe5 Nc6 4. Nxc6 dxc6 5. d3 Bc5 6. Be2 h5 7. h3 Qd6 8. Nd2 Be6 9. Nf3 Qe7 10. Bg5 Qd7 11.
d4 Be7 12. e5 Nd5 13. Bxe7 Qxe7 14. Qd2 O-O-O 15. c4 Nb6 16. b3 Rhg8 17. Ng5 Bf5 18.
O-O f6 19. Nf3 g5 20. exf6 Qxf6 21. Qe3 g4 22. hxg4 hxg4 23. Ne5 Rh8 24. Bxg4 Bxg4 25. Nxg4 Qh4 26. f3 Rde8 27. Qd3 Kb8 28. Qd2 Reg8 29.
Rae1 a6 30. Qf4 Rf8 31. Qh2 Qg5 32. Qg3 c5 33. Re5 Qd2 34. dxc5 Nd7 35. Re7 Rfg8 36. c6 bxc6 37. Qf2 Qd6 38. Qe3 Nc5 39. Qe5 Nd3 40. Qxd6 cxd6 41. Rd1 Nf4 42. Rxd6 Rc8 43. Rf6 Nh5 44. Rff7 Rcd8 45. Rb7+ Ka8 46. Ra7+ Kb8 47. Rfb7+ Kc8 48. Rc7+ Kb8 49. Rab7+ Ka8 50. Rb6 Nf4 51. Rcxc6 Rhf8 52. Rxa6+ Kb7 53. Rf6 Ne2+ 54. Kf2 Rfe8 55. Rab6+ Ka7 56. Rbc6 Nc3 57. Rcd6 Rc8 58. Rd7+ Kb8 59.
Ne3 Rh8 60. Nd5 Nxd5 61. Rxd5 Rc7 62. a4 Rhh7 63. a5 Ka7 64. Rb5 Rcd7 65. Rd5 Rb7 66. Rb6 Rbe7 67. Rc6 Rb7 68. a6 Rxb3 69. Rcd6 Rb2+ 70.
Ke3 Rxg2 71. Rd7+ Rxd7 72. Rxd7+ Kxa6 73. c5 Kb5 74. Rc7 Rg5 75. Ke4 Rg1 76. f4 Re1+ 77.
Kf5 Rf1 78. Ke5 Re1+ 79. Kf6 Rf1 80. f5 Re1 81. Kg6 Rg1+ 82. Kf7 Rf1 83. f6 Rf2 84. Kg7 Rg2+ 85. Kf8 Rf2 86. f7 Ra2 87. Ke8 Ra8+ 88. Ke7 Ra1 89. f8=Q Kb4 90. Ke8 Re1+ 91. Kd7 Rc1 92. Qd6 Kb3 93. c6 Rc2 94. Rb7+ Kc3 95. c7 Re2 96. Qc5+ Kd2 97. Qd5+ Ke1 98. Qe6 1-0

[Event "*** Titled Tuesday Blitz"]
[Site "Chess.com"]
[Date "2021.02.16"]
[Round "7"]
[White "Titus369"]
[Black "KubaGepard"]
[Result "1/2-1/2"]
[WhiteElo "2557"]
[BlackElo "2405"]
[TimeControl "180+1"]
[EndTime "11:21:52 PST"]
[Termination "Game drawn by 50-move rule"]

1. e4 e5 2. Nf3 Nc6 3. Bb5 a6 4. Ba4 Nf6 5. O-O Be7 6. d3 b5 7. Bb3 d6 8. a3 O-O 9. Nc3 Nb8 10. h3 Nbd7 11. Bg5 h6 12. Be3 Bb7 13. Nh4 Nxe4 14. Ng6 Nxc3 15. bxc3 Re8 16. Qg4 Nf6 17. Qg3 d5 18.
Nxe7+ Qxe7 19. Bxh6 Nh5 20. Qg4 Qf6 21. Qxh5 Qxh6 22. Qxh6 gxh6 23. a4 c5 24. axb5 axb5 25. c4 bxc4 26. dxc4 d4 27. Ba4 Re6 28. Bd7 Rea6 29.
Rxa6 Rxa6 30. Rb1 Be4 31. Rb5 Bxc2 32. Rxc5 Rd6 33. Bg4 f5 34. Bh5 d3 35. Rxe5 d2 36. c5 d1=Q+ 37. Bxd1 Rxd1+ 38. Kh2 Rc1 39. Kg3 Kg7 40.
f3 Bd3 41. Rd5 Bc4 42. Rxf5 Be6 43. Re5 Kf6 44. f4 Rc3+ 45. Kh2 Rc2 46. Kg1 Bd7 47. g4 Bc6 48. Rf5+ Ke6 49. Re5+ Kd7 50. g5 hxg5 51. fxg5 Rg2+ 52. Kf1 Rh2 53. Re3 Rg2 54.
Rd3+ Kc7 55. h4 Rg4 56. Kf2 Rxh4 57. Rg3 Rf4+ 58. Ke3 Re4+ 59. Kd3 Re7 60. g6 Rg7 61. Kd4 Kd7 62. Ke5 Ke7 63. Kf5 Bd7+ 64. Kg5 Be6 65. Kh6 Rg8 66. g7 Kf6 67. Rg6+ Kf5 68. Kh7 Bf7 69. Rg1 Kf6 70. Rf1+ Ke7 71. Re1+ Kf6 72.
Rf1+ Ke7 73. c6 Rc8 74. c7 Be6 75. Re1 Rxc7 76. g8=Q Kf6+ 77. Kh8 Bxg8 78. Kxg8 Rc8+ 79. Kh7 Rc7+ 80. Kh6 Rc8 81. Rf1+ Ke5 82. Kg5 Rg8+ 83. Kh6 Rh8+ 84. Kg7 Rc8 85. Re1+ Kd6 86. Rd1+ Kc7 87.
Kf6 Rd8 88. Rc1+ Kd7 89. Ke5 Re8+ 90. Kd5 Rh8 91. Rg1 Rh5+ 92. Ke4 Ke6 93. Rg6+ Kf7 94. Ra6 Rb5 95. Kf4 Rb4+ 96. Ke5 Rb5+ 97. Kd6 Rh5 98. Ra7+ Kf6 99. Ra1 Rh3 100. Rf1+ Kg5 101. Ke5 Re3+ 102. Kd4 Re8 103. Rg1+ Kf4 104. Rf1+ Kg3 105. Ra1 Rd8+ 106. Ke5 Kf3 107. Ra3+ Ke2 108. Ke4 Re8+ 109. Kf4 Rf8+ 110. Kg3 Rg8+ 111. Kh4 Kf2 112. Ra2+ Kf3 113. Ra3+ Ke4 114. Ra4+ Kd3 115. Kh3 Ke3 116. Kh2 Kf2 117. Rf4+ Ke3 118. Rf7 Ke2 119. Kh3 Rg1 120. Kh4 Rh1+ 121. Kg5 Rg1+ 122. Kh6 Ke3 123. Re7+ Kf4 124. Ra7 Rh1+ 125. Kg6 Kg4 126. Ra3 Rb1 127. Ra4+ Kg3 128. Ra5 1/2-1/2

[Event "*** Titled Tuesday Blitz"]
[Site "Chess.com"]
[Date "2021.02.16"]
[Round "7"]
[White "GoltsevDmitry2000"]
[Black "Chesseyat004"]
[Result "1/2-1/2"]
[WhiteElo "2632"]
[BlackElo "2491"]
[TimeControl "180+1"]
[EndTime "11:22:08 PST"]
[Termination "Game drawn by 50-move rule"]

1. c4 e5 2. g3 Nf6 3. Bg2 c6 4. Nc3 d5 5. cxd5 cxd5 6. d4 e4 7. e3 Bb4 8. Ne2 O-O 9. a3 Bxc3+ 10. Nxc3 Bg4 11. f3 exf3 12. Bxf3 Bxf3 13. Qxf3 Re8 14.
O-O Qd7 15. Bd2 Nc6 16. b4 Ne4 17. Rad1 Nxc3 18. Bxc3 Qe6 19. Rd3 Nb8 20. Qf5 Nd7 21.
g4 Nf6 22. h3 Rac8 23. g5 Ne4 24. Be1 Rc1 25. Qxe6 fxe6 26. h4 Rf8 27. Rxf8+ Kxf8 28. Kf1 b5 29. Ke2 Kf7 30. a4 bxa4 31. Ra3 Rc2+ 32. Kd1 Rh2 33. Rxa4 Nd6 34. Rxa7+ Kg6 35. Ra6 Nc4 36. Rxe6+ Kf5 37. Re7 Nb2+ 38. Kc1 Nd3+ 39. Kb1 Nxe1 40. b5 Nd3 41. Ka1 Rb2 42. Rxg7 Ke4 43.
Re7+ Kf3 44. h5 Ke2 45. g6 hxg6 46. hxg6 Rxb5 47. g7 Rb8 48. Ka2 Kd2 49. Ka3 Nb2 50. g8=Q Nc4+ 51. Ka4 Rxg8 52. Kb5 Nxe3 53. Kc5 Kd3 54.
Ra7 Rc8+ 55. Kd6 Rc4 56. Ke5 Ng4+ 57. Kxd5 Ne3+ 58. Ke5 Ng4+ 59. Kf5 Rxd4 60. Ra3+ Ke2 61. Ra2+ Kf3 62. Ra3+ Ne3+ 63. Ke5 Re4+ 64. Kf6 Kf4 65.
Ra1 Ng4+ 66. Kg6 Re6+ 67. Kf7 Rf6+ 68. Ke7 Rb6 69. Rf1+ Kg5 70. Re1 Nh6 71. Kd7 Nf5 72.
Kc7 Ra6 73. Rg1+ Kf6 74. Kb7 Ra2 75. Rc1 Ke5 76. Kb6 Nd6 77. Re1+ Kf4 78. Rd1 Nc4+ 79. Kc7 Ne3 80. Rd4+ Ke5 81. Rh4 Nd5+ 82. Kc6 Ra6+ 83.
Kb5 Rb6+ 84. Kc5 Ra6 85. Rh5+ Ke4 86. Rh4+ Nf4 87. Kb5 Re6 88. Rh1 Re5+ 89. Kc4 Nd5 90.
Rh4+ Nf4 91. Rh1 Kf5 92. Kd4 Ne2+ 93. Kc4 Ng3 94. Rg1 Kf4 95. Ra1 Ne2 96. Kd3 Re3+ 97. Kd2 Nd4 98. Rh1 Nf3+ 99. Kc2 Ke4 100. Rh8 Nd4+ 101. Kb2 Rb3+ 102. Ka2 Rc3 103. Rh4+ Kd5 104. Rh8 Rc2+ 105.
Kb1 Rf2 106. Rd8+ Kc4 107. Rh8 Nb5 108. Kc1 Nc3 109. Rc8+ Kd3 1/2-1/2

[Event "*** Titled Tuesday Blitz"]
[Site "Chess.com"]
[Date "2021.02.16"]
[Round "8"]
[White "Spriteball"]
[Black "ChessSwole"]
[Result "1-0"]
[WhiteElo "2390"]
[BlackElo "2523"]
[TimeControl "180+1"]
[EndTime "11:24:30 PST"]
[Termination "Spriteball won by resignation"]

1. e4 e5 2. Nf3 Nc6 3. Bb5 a6 4.
Ba4 Nf6 5. O-O Nxe4 6. Re1 Nc5 7.
Nc3 Nxa4 8. Nxe5 Nxe5 9. Rxe5+ Be7 10. Nd5 O-O 11. Nxe7+ Kh8 12. Qh5 g6 13. Qh6 d6 14.
Rh5 1-0

[Event "*** Titled Tuesday Blitz"]
[Site "Chess.com"]
[Date "2021.02.16"]
[Round "8"]
[White "Kiborg95"]
[Black "12teen"]
[Result "0-1"]
[WhiteElo "2752"]
[BlackElo "2876"]
[TimeControl "180+1"]
[EndTime "11:24:39 PST"]
[Termination "12teen won by resignation"]

1. e4 e6 2. d4 a6 3. Nc3 b5 4. Nf3 Bb7 5. Bd3 Nf6 6. Qe2 d5 7.
e5 Nfd7 8. Bg5 Be7 9. Bxe7 Qxe7 10. Qe3 c5 11. dxc5 Nxc5 12. Ne2 Nc6 13. Ned4 Nxd3+ 14. cxd3 Qb4+ 15. Qd2 Nxd4 0-1

[Event "*** Titled Tuesday Blitz"]
[Site "Chess.com"]
[Date "2021.02.16"]
[Round "8"]
[White "FMKonstantin_Twitch"]
[Black "JQuiroga18"]
[Result "0-1"]
[WhiteElo "2581"]
[BlackElo "2446"]
[TimeControl "180+1"]
[EndTime "11:24:50 PST"]
[Termination "JQuiroga18 won by resignation"]

1. Nf3 Nf6 2. g3 d5 3. Bg2 e6 4. O-O Be7 5. d4 O-O 6. c4 dxc4 7. Qc2 a6 8. Qxc4 b5 9. Qc2 Bb7 10. Be3 Nbd7 11. Rc1 Rc8 12. Nbd2 c5 13. dxc5 Nxc5 14. Nb3 Na4 15. Qd2 Qxd2 16. Bxd2 Nxb2 17. Ne5 Bxg2 18.
Kxg2 Ne4 19. Nc6 Bf6 20. Bf4 Nc4 0-1

[Event "*** Titled Tuesday Blitz"]
[Site "Chess.com"]
[Date "2021.02.16"]
[Round "8"]
[White "kamilianin235"]
[Black "MagzyPotato"]
[Result "1-0"]
[WhiteElo "2201"]
[BlackElo "2399"]
[TimeControl "180+1"]
[EndTime "11:24:50 PST"]
[Termination "kamilianin235 won by resignation"]

1. e4 c5 2. Nf3 Nc6 3. Bb5 e6 4. Bxc6 bxc6 5. O-O f6 6. c3 d5 7. Re1 Nh6 8. d4 cxd4 9. Bxh6 gxh6 10. Nxd4 c5 11.
Qh5+ Ke7 12. Nc6+ 1-0

[Event "*** Titled Tuesday Blitz"]
[Site "Chess.com"]
[Date "2021.02.16"]
[Round "8"]
[White "LenkaPtacnikova"]
[Black "moventog"]
[Result "0-1"]
[WhiteElo "2094"]
[BlackElo "2310"]
[TimeControl "180+1"]
[EndTime "11:25:04 PST"]
[Termination "moventog won by resignation"]

1. e4 c5 2. Nf3 d6 3. d4 cxd4 4. Nxd4 Nf6 5. Nc3 g6 6. g3 Nc6 7.
Nde2 Bd7 8. Bg2 Qc8 9. h3 Bg7 10. Bg5 h6 11. Be3 h5 12. Qd2 Ne5 13. b3 h4 14. g4 Nfxg4 15. Bd4 Nf6 16. Qe3 Nc6 17. Rd1 e5 0-1

[Event "*** Titled Tuesday Blitz"]
[Site "Chess.com"]
[Date "2021.02.16"]
[Round "8"]
[White "BikingBrian"]
[Black "milenapn"]
[Result "0-1"]
[WhiteElo "2301"]
[BlackElo "2135"]
[TimeControl "180+1"]
[EndTime "11:25:17 PST"]
[Termination "milenapn won by checkmate"]

1. d4 Nf6 2. Bg5 Ne4 3. Bf4 d5 4. f3 Nf6 5. e4 dxe4 6. Nc3 c5 7. d5 Qa5 8. Bxb8 Rxb8 9. Bb5+ Bd7 10. Bxd7+ Nxd7 11. fxe4 g6 12. Ne2 Bg7 13. O-O O-O 14. Qe1 b5 15.
Qh4 b4 16. Nd1 Qb5 17. Nf4 Bd4+ 18. Kh1 Qxf1# 0-1

[Event "*** Titled Tuesday Blitz"]
[Site "Chess.com"]
[Date "2021.02.16"]
[Round "8"]
[White "Pogosian_Manvel"]
[Black "noamapplesauce"]
[Result "1-0"]
[WhiteElo "2404"]
[BlackElo "2144"]
[TimeControl "180+1"]
[EndTime "11:25:26 PST"]
[Termination "Pogosian_Manvel won by resignation"]

1. d4 d5 2. c4 e6 3. Nc3 c6 4.
Nf3 Nf6 5. e3 Nbd7 6. Bd3 dxc4 7. Bxc4 b5 8. Bd3 Bd6 9. O-O O-O 10. Ng5 Bb7 11. Nce4 Nxe4 12. Nxe4 Be7 13. a4 b4 14.
a5 c5 15. dxc5 Nxc5 16. Nxc5 Bxc5 17. Bxh7+ Kxh7 18. Qh5+ Kg8 19. Qxc5 Qg5 20. Qxg5 1-0

[Event "*** Titled Tuesday Blitz"]
[Site "Chess.com"]
[Date "2021.02.16"]
[Round "8"]
[White "NikolaMa2000"]
[Black "Nachsueb"]
[Result "0-1"]
[WhiteElo "1915"]
[BlackElo "2174"]
[TimeControl "180+1"]
[EndTime "11:25:34 PST"]
[Termination "Nachsueb won by resignation"]

1. d4 Nf6 2. c4 e6 3. Nc3 Bb4 4. Bd2 Nc6 5. Nf3 O-O 6. e3 d6 7. Bd3 Re8 8. O-O e5 9. dxe5 dxe5 10. Be2 e4 11. Ne1 Bf5 12. a3 Bf8 13. Qc2 Bg6 14. Rd1 Qe7 15. g3 Rad8 16. Ng2 Ne5 17. Nb5 Nf3+ 18. Bxf3 exf3 19. Nf4 Bxc2 0-1

[Event "*** Titled Tuesday Blitz"]
[Site "Chess.com"]
[Date "2021.02.16"]
[Round "8"]
[White "csati17"]
[Black "atalz0"]
[Result "1-0"]
[WhiteElo "2589"]
[BlackElo "2414"]
[TimeControl "180+1"]
[EndTime "11:25:35 PST"]
[Termination "csati17 won by resignation"]

1. c4 e6 2. Nf3 d5 3. g3 dxc4 4. Bg2 a6 5. O-O Nf6 6. a4 Nc6 7. a5 Bb4 8. Qc2 Nxa5 9. Qa4+ Nc6 10. Ne5 Bd6 11. Nxc6 bxc6 12. Qxc6+ 1-0

[Event "*** Titled Tuesday Blitz"]
[Site "Chess.com"]
[Date "2021.02.16"]
[Round "8"]
[White "Susal_De_Silva"]
[Black "Taran2004"]
[Result "1-0"]
[WhiteElo "2617"]
[BlackElo "2408"]
[TimeControl "180+1"]
[EndTime "11:25:37 PST"]
[Termination "Susal_De_Silva won by resignation"]

1. e4 c5 2. Nf3 d6 3. Bb5+ Bd7 4.
Bxd7+ Qxd7 5. c4 Nc6 6. Nc3 Nf6 7. d4 cxd4 8. Nxd4 g6 9. f3 Bg7 10. Be3 O-O 11. O-O Rac8 12. b3 a6 13. a4 Rfd8 14.
Qd2 Qc7 15. Rfc1 Nd7 16. Nd5 Nxd4 17. Bxd4 Bxd4+ 18. Qxd4 Qc5 19. Nxe7+ Kf8 20. Qxc5 Rxc5 21. Nd5 Rdc8 22. a5 R8c6 23. Kf2 b5 24. axb6 Nxb6 25.
Rxa6 Nxd5 26. Rxc6 Rxc6 27. exd5 Rb6 28. Rc3 Ke7 29.
Ke3 g5 30. Kd4 Rb4 31. Re3+ Kf6 32. Kc3 Rb8 33. b4 Kf5 34. g3 h5 35. c5 h4 36. c6 hxg3 37. hxg3 1-0

[Event "*** Titled Tuesday Blitz"]
[Site "Chess.com"]
[Date "2021.02.16"]
[Round "8"]
[White "RobertoJBM"]
[Black "dosto07"]
[Result "1-0"]
[WhiteElo "2699"]
[BlackElo "2425"]
[TimeControl "180+1"]
[EndTime "11:25:53 PST"]
[Termination "RobertoJBM won by resignation"]

1. d4 d5 2. c4 dxc4 3. Nf3 Nf6 4.
e3 e6 5. Bxc4 c5 6. O-O a6 7. a4 Nc6 8. Qe2 Be7 9. Rd1 O-O 10.
Nc3 Qc7 11. Bd2 b6 12. Be1 Bb7 13. Rac1 Rfd8 14. h3 h6 15. d5 exd5 16. Nxd5 Nxd5 17. Bxd5 Nd4 18. Bxf7+ Kxf7 19. exd4 Qf4 20. Ne5+ Kg8 21. Ng6 Qg5 22. Nxe7+ Kh8 23. f4 Qxf4 24. Ng6+ 1-0

[Event "*** Titled Tuesday Blitz"]
[Site "Chess.com"]
[Date "2021.02.16"]
[Round "8"]
[White "NiranjanNavalgund"]
[Black "harlem4brew"]
[Result "1-0"]
[WhiteElo "2454"]
[BlackElo "2313"]
[TimeControl "180+1"]
[EndTime "11:25:56 PST"]
[Termination "NiranjanNavalgund won by resignation"]

1. d4 Nf6 2. c4 d5 3. cxd5 Nxd5 4.
e4 Nb6 5. Nc3 e6 6. Nf3 Be7 7.
Be2 O-O 8. O-O a6 9. Be3 N6d7 10. Rc1 b5 11. d5 exd5 12. Nxd5 Bd6 13. Nd4 Nc5 14.
Nf5 Nxe4 15. Nxd6 Nxd6 16. Nxc7 Bb7 17. Nxa8 Bxa8 18. Bc5 Ne4 19. Bxf8 Qxf8 20. Bf3 f5 21. Rc7 Qe8 22. Qb3+ Kh8 23. Qf7 Qxf7 24. Rxf7 Kg8 25.
Rc7 1-0

[Event "*** Titled Tuesday Blitz"]
[Site "Chess.com"]
[Date "2021.02.16"]
[Round "8"]
[White "ChainsOfFantasia"]
[Black "DenisQ"]
[Result "1-0"]
[WhiteElo "2502"]
[BlackElo "2639"]
[TimeControl "180+1"]
[EndTime "11:26:03 PST"]
[Termination "ChainsOfFantasia won by resignation"]

1. d4 d5 2. Nf3 Nf6 3. c4 c6 4. Nc3 e6 5. e3 Nbd7 6. Qc2 Bd6 7. Bd3 O-O 8. O-O dxc4 9. Bxc4 b5 10. Be2 Bb7 11. e4 e5 12. dxe5 Nxe5 13. Nd4 a6 14.
Nf5 Bc5 15. Bg5 Ned7 16. Rad1 Qc7 17. Kh1 Rfe8 18. f4 b4 19. e5 bxc3 20. exf6 gxf6 21.
Rxd7 Qxd7 22. Bxf6 Qd2 23. Nh6+ Kf8 24. Qxh7 1-0

[Event "*** Titled Tuesday Blitz"]
[Site "Chess.com"]
[Date "2021.02.16"]
[Round "8"]
[White "Taktikmonster"]
[Black "Kapibara_Warri0r"]
[Result "1-0"]
[WhiteElo "2351"]
[BlackElo "2181"]
[TimeControl "180+1"]
[EndTime "11:26:12 PST"]
[Termination "Taktikmonster won by checkmate"]

1. e4 e5 2. Nf3 Nc6 3. Bc4 Nf6 4. d3 Be7 5. O-O O-O 6. a4 a5 7. Nc3 d6 8. Re1 Kh8 9. h3 Ng8 10. Nd5 f5 11. c3 f4 12. d4 g5 13. dxe5 dxe5 14.
b4 axb4 15. cxb4 g4 16. hxg4 Bxg4 17. Bb2 Bd6 18. b5 Na5 19. Nxe5 Bxd1 20. Ng6# 1-0

[Event "*** Titled Tuesday Blitz"]
[Site "Chess.com"]
[Date "2021.02.16"]
[Round "8"]
[White "BairaKovanova"]
[Black "iulik86"]
[Result "1/2-1/2"]
[WhiteElo "2466"]
[BlackElo "2607"]
[TimeControl "180+1"]
[EndTime "11:26:32 PST"]
[Termination "Game drawn by repetition"]

1. e4 c6 2. d4 d5 3. Nc3 a6 4.
Nf3 Bg4 5. Be2 e6 6. Ne5 Bxe2 7. Qxe2 Nf6 8. exd5 cxd5 9. O-O Nc6 10. Nxc6 bxc6 11. Na4 Qb8 12. c4 Bd6 13. h3 O-O 14. c5 Bc7 15. Nc3 a5 16. Bg5 Nd7 17. Rad1 Re8 18. Qg4 Qxb2 19. Bh6 g6 20. Rd3 Nf6 21. Qf3 Bd8 22.
Rb1 Qc2 23. Rc1 Qb2 24. Rb1 Qc2 25. Rc1 Qb2 26. Rb1 1/2-1/2

[Event "*** Titled Tuesday Blitz"]
[Site "Chess.com"]
[Date "2021.02.16"]
[Round "8"]
[White "Aslanov_Umid"]
[Black "KeithArkell"]
[Result "1-0"]
[WhiteElo "2372"]
[BlackElo "2524"]
[TimeControl "180+1"]
[EndTime "11:26:35 PST"]
[Termination "Aslanov_Umid won by resignation"]

1. e4 c6 2. d4 d5 3. Nd2 dxe4 4. Nxe4 Nd7 5. Nf3 Ngf6 6. Ng3 c5 7. d5 Nb6 8. c4 e6 9. Bg5 exd5 10. cxd5 Nbxd5 11. Bb5+ Bd7 12. Bxd7+ Qxd7 13. O-O Be7 14. Ne5 Qb5 15.
Nf5 O-O 16. Bxf6 gxf6 17. Qxd5 fxe5 18. Qxe5 f6 19. Qxe7 1-0

[Event "*** Titled Tuesday Blitz"]
[Site "Chess.com"]
[Date "2021.02.16"]
[Round "8"]
[White "Chesspirate_Channel"]
[Black "WiktoriaPOL"]
[Result "1-0"]
[WhiteElo "2303"]
[BlackElo "2035"]
[TimeControl "180+1"]
[EndTime "11:26:41 PST"]
[Termination "Chesspirate_Channel won by resignation"]

1. d4 Nf6 2. Nc3 d5 3. Bg5 e6 4. e4 dxe4 5. f3 exf3 6. Nxf3 Be7 7. Bd3 O-O 8. Qe2 h6 9. h4 Nd5 10. Nxd5 Qxd5 11. Bxe7 Re8 12. Ba3 e5 13. Bc4 Qa5+ 14.
c3 Be6 15. Nxe5 Bxc4 16. Qxc4 Re6 17. O-O Na6 18. Rxf7 Qb6 19. Re7 Kh8 20. Qxe6 1-0

[Event "*** Titled Tuesday Blitz"]
[Site "Chess.com"]
[Date "2021.02.16"]
[Round "8"]
[White "ferdipy"]
[Black "verdest"]
[Result "0-1"]
[WhiteElo "2342"]
[BlackElo "2496"]
[TimeControl "180+1"]
[EndTime "11:26:49 PST"]
[Termination "verdest won by resignation"]

1. e4 c5 2. d4 cxd4 3. c3 d3 4. Bxd3 d5 5. c4 dxe4 6. Bxe4 Qxd1+ 7. Kxd1 Nf6 8. Bf3 g6 9. Nc3 Bg7 10. h3 O-O 11. Nge2 Nc6 12. a3 Bf5 13. Be3 Rfd8+ 14. Ke1 Ne5 15. Bxb7 Rab8 16. Ba6 Rxb2 17. Rd1 Rxd1+ 18.
Kxd1 Ne4 19. Nxe4 Bxe4 20. f3 Bd3 21. Nc1 Bxc4 22. Bd4 Rxg2 23. Bxc4 Nxc4 24. Bxg7 Kxg7 0-1

[Event "*** Titled Tuesday Blitz"]
[Site "Chess.com"]
[Date "2021.02.16"]
[Round "8"]
[White "Supernotar"]
[Black "PavelChernomordik"]
[Result "1/2-1/2"]
[WhiteElo "2730"]
[BlackElo "2393"]
[TimeControl "180+1"]
[EndTime "11:26:55 PST"]
[Termination "Game drawn by agreement"]

1. d4 g6 2. c3 Bg7 3. Nf3 d6 4. Bf4 Nd7 5. h3 e5 6. Bh2 Qe7 7. e3 Nh6 8. Be2 O-O 9. O-O f5 10. a4 g5 11. a5 a6 12. Qb3+ Kh8 13. dxe5 dxe5 14. Na3 Nc5 15. Qb4 g4 16. hxg4 Nxg4 17.
Bg3 Bf6 18. Rad1 Be6 19. Nc4 Bf7 20. Rd2 Rae8 21. Rfd1 Ne4 22. Rd7 Qxb4 23. cxb4 Nxg3 24. fxg3 Bxc4 25. Bxc4 Nxe3 26. Rc1 e4 1/2-1/2

[Event "*** Titled Tuesday Blitz"]
[Site "Chess.com"]
[Date "2021.02.16"]
[Round "8"]
[White "mirochka"]
[Black "karenzadita"]
[Result "1-0"]
[WhiteElo "2281"]
[BlackElo "2365"]
[TimeControl "180+1"]
[EndTime "11:26:56 PST"]
[Termination "mirochka won by resignation"]

1. e4 c5 2. b4 cxb4 3. a3 e6 4.
axb4 Bxb4 5. c3 Be7 6. d4 d6 7.
Bd3 Nf6 8. f4 b6 9. Nf3 Bb7 10.
Qe2 h6 11. O-O Nbd7 12. e5 Nd5 13. f5 Nf8 14. Bb5+ Nd7 15. fxe6 fxe6 16. exd6 Bxd6 17. Qxe6+ Be7 18. Qg6+ 1-0

[Event "*** Titled Tuesday Blitz"]
[Site "Chess.com"]
[Date "2021.02.16"]
[Round "8"]
[White "Beca95"]
[Black "agartha01"]
[Result "1/2-1/2"]
[WhiteElo "2886"]
[BlackElo "2476"]
[TimeControl "180+1"]
[EndTime "11:26:57 PST"]
[Termination "Game drawn by agreement"]

1. d4 d5 2. c4 c6 3. Nf3 Nf6 4. Nc3 e6 5. Qd3 Nbd7 6. e4 dxe4 7. Nxe4 Nxe4 8. Qxe4 Nf6 9. Qc2 Bb4+ 10. Bd2 Qa5 11.
Bd3 Bxd2+ 12. Qxd2 Qxd2+ 13. Kxd2 O-O 14. Kc3 Rd8 15. h3 b6 16. Ne5 Bb7 17. Rhe1 Nd7 18. Rad1 Nxe5 19. dxe5 c5 20. f3 h6 21. Bc2 Kf8 22. h4 Ke7 23. h5 Rxd1 24. Rxd1 Rd8 25. Rxd8 Kxd8 26. Kd2 Ke7 27. Ke3 f6 28. Kf4 f5 29. g4 fxg4 30. fxg4 Bc6 31. Ke3 Bb7 32. a3 Bc6 33. b4 Bb7 34. Be4 Bxe4 35. Kxe4 Kd7 36. b5 Ke7 1/2-1/2

[Event "*** Titled Tuesday Blitz"]
[Site "Chess.com"]
[Date "2021.02.16"]
[Round "8"]
[White "WilliamSchill"]
[Black "HanSchut"]
[Result "0-1"]
[WhiteElo "2048"]
[BlackElo "2224"]
[TimeControl "180+1"]
[EndTime "11:26:58 PST"]
[Termination "HanSchut won on time"]

1. e4 c5 2. Nf3 d6 3. d4 cxd4 4. Nxd4 Nf6 5. Nc3 a6 6. Bg5 e6 7.
f4 Be7 8. Qf3 h6 9. Bh4 g5 10.
fxg5 Nfd7 11. Qh5 Ne5 12. O-O-O Ng6 13. Bg3 hxg5 14. Qe2 Nd7 15. Kb1 Nde5 16. Nf3 Qc7 17. Nxe5 Nxe5 18. Bxe5 dxe5 19. Qe3 Bd7 20. Be2 O-O-O 21.
g3 Kb8 22. Qf2 Rh7 23. h4 gxh4 24. gxh4 b5 25. a3 Rc8 26. Bd3 Bxa3 27. Ne2 Bc5 28. Qf3 Bc6 29. h5 f5 30. h6 Rch8 0-1

[Event "*** Titled Tuesday Blitz"]
[Site "Chess.com"]
[Date "2021.02.16"]
[Round "8"]
[White "rugbyclub"]
[Black "JoliyRoger"]
[Result "0-1"]
[WhiteElo "2291"]
[BlackElo "2415"]
[TimeControl "180+1"]
[EndTime "11:26:59 PST"]
[Termination "JoliyRoger won by resignation"]

1. e4 c6 2. d4 d5 3. e5 Bf5 4.
Nf3 e6 5. Be2 Nd7 6. Nbd2 Be7 7.
a4 a5 8. Nb3 Bg6 9. Be3 Nh6 10.
O-O Nf5 11. Bd2 O-O 12. h3 b6 13. Rc1 c5 14. dxc5 Nxc5 15. c3 Nxa4 16. Nbd4 Nxd4 17. Nxd4 Nxb2 18. Qb3 Nc4 19. Bxc4 dxc4 20. Qxc4 Bc5 21. Be3 Qd5 22. Qxd5 exd5 23. f4 Be4 24. f5 Rfe8 25. e6 fxe6 26. fxe6 Rxe6 27. Nxe6 Bxe3+ 28. Kh2 Bxc1 29. Rxc1 a4 30. Nd4 a3 31. Ra1 a2 0-1

[Event "*** Titled Tuesday Blitz"]
[Site "Chess.com"]
[Date "2021.02.16"]
[Round "8"]
[White "mr65"]
[Black "PlotnikovPavel"]
[Result "0-1"]
[WhiteElo "2142"]
[BlackElo "2466"]
[TimeControl "180+1"]
[EndTime "11:27:03 PST"]
[Termination "PlotnikovPavel won by checkmate"]

1. e4 e5 2. Nf3 Nc6 3. d4 exd4 4. c3 d5 5. exd5 Qxd5 6. cxd4 Bg4 7. Be2 Bb4+ 8. Nc3 Bxf3 9. Bxf3 Qc4 10. Be3 Bxc3+ 11.
bxc3 Qxc3+ 12. Bd2 Qxd4 13. Bxc6+ bxc6 14. O-O O-O-O 15. Be3 Qxd1 16. Rfxd1 Ne7 17. Bxa7 Nd5 18. Bd4 f6 19. a4 Rhe8 20. a5 Nb4 21. a6 Nxa6 22. Rxa6 Rxd4 23.
Rc1 Rc4 24. Rd1 Kb7 25. Ra3 Rb4 26.
h4 Ree4 27. h5 c5 28. Rd7 Rh4 29. Rxg7 Rb1# 0-1

[Event "*** Titled Tuesday Blitz"]
[Site "Chess.com"]
[Date "2021.02.16"]
[Round "8"]
[White "ChristopherYoo"]
[Black "francyIM"]
[Result "1-0"]
[WhiteElo "2896"]
[BlackElo "2685"]
[TimeControl "180+1"]
[EndTime "11:27:17 PST"]
[Termination "ChristopherYoo won by resignation"]

1. d4 d5 2. Nf3 Nf6 3. c4 c6 4. e3 Bf5 5. Bd3 Bxd3 6. Qxd3 e6 7. O-O Nbd7 8. b3 Bd6 9. Bb2 O-O 10. Nbd2 a5 11.
a3 Qb8 12. e4 dxe4 13. Nxe4 Nxe4 14. Qxe4 Re8 15. Rfe1 Bf4 16. g3 Bh6 17. Rad1 Nf6 18. Qh4 Qd8 19. g4 Qb6 20. Rd3 e5 21. dxe5 Rad8 22.
Rxd8 Rxd8 23. exf6 Qxb3 24. fxg7 Rd1 25. Rxd1 Qxd1+ 26. Kg2 1-0

[Event "*** Titled Tuesday Blitz"]
[Site "Chess.com"]
[Date "2021.02.16"]
[Round "8"]
[White "goldihouse"]
[Black "GM_Crest"]
[Result "0-1"]
[WhiteElo "2560"]
[BlackElo "2749"]
[TimeControl "180+1"]
[EndTime "11:27:18 PST"]
[Termination "GM_Crest won by resignation"]

1. c4 Nf6 2. g3 c6 3. Bg2 d5 4. Nf3 dxc4 5. O-O Nbd7 6. Qc2 Nb6 7. Na3 Be6 8. b3 cxb3 9. axb3 g6 10. Nc4 Bg7 11. Bb2 O-O 12. d3 Nbd5 13. Rfd1 a5 14. Qd2 Nb4 15. Nxa5 Rxa5 16. Qxb4 Rb5 17. Qd2 Bxb3 18.
Rdc1 Bd5 19. e4 Nxe4 20. dxe4 Rxb2 21. Qe3 Rb3 22. Qe2 Bxa1 23. exd5 Bf6 24. dxc6 bxc6 25. Qc4 Qb6 26. h4 Rb2 27. Rf1 h5 28. Bh3 Rd8 29. Kg2 Qb5 30. Qc1 Qd5 31. Qf4 Rdb8 32. Re1 R8b4 33.
Qh6 R2b3 34. Re3 Rxe3 35. Qxe3 Rb3 36. Qe2 c5 0-1

[Event "*** Titled Tuesday Blitz"]
[Site "Chess.com"]
[Date "2021.02.16"]
[Round "8"]
[White "sara_khm"]
[Black "AlexTriapishko"]
[Result "1-0"]
[WhiteElo "2662"]
[BlackElo "2820"]
[TimeControl "180+1"]
[EndTime "11:27:19 PST"]
[Termination "sara_khm won by resignation"]

1. d4 d6 2. Nf3 Nf6 3. g3 g6 4. c4 Bg7 5. Bg2 O-O 6. O-O c5 7.
dxc5 dxc5 8. Ne5 Nfd7 9. Nxd7 Nxd7 10. Nc3 Nb6 11. Qb3 Be6 12. Rd1 Qc8 13. Nd5 Bxd5 14. cxd5 c4 15. Qa3 c3 16. bxc3 Bxc3 17. Rb1 Bf6 18.
Bf4 Nc4 19. Qb3 Nb6 20. e4 g5 21. Be3 Nc4 22. Rdc1 b5 23. Qxb5 Rb8 24. Qxb8 Qxb8 25.
Rxb8 Rxb8 26. Rxc4 1-0